 Dungeon Crawl Stone Soup version 0.11.3 (webtiles) character file.

254 Kenran the Poker (level 4, -3/37 HPs)
             Began as a Minotaur Death Knight on Nov 25, 2016.
             Was a Priest of Yredelemnul.
             Slain by TheDragonKing's ghost (10 damage)
             ... on Level 3 of the Dungeon.
             The game lasted 00:10:56 (3115 turns).

Kenran the Poker (Minotaur Death Knight)            Turns: 3115, Time: 00:10:56

HP  -3/37        AC  7     Str 19      XL: 4   Next: 95%
MP   4/4         EV  7     Int  8      God: Yredelemnul [***...]
Gold 131         SH  0     Dex  9      Spells:  0 memorised,  3 levels left

Res.Fire  : . . .   See Invis. : .   a - +2 spear {=f}
Res.Cold  : . . .   Warding    : .   h - +0 chain mail
Life Prot.: . . .   Conserve   : .   (no shield)
Res.Poison: .       Res.Corr.  : .   (helmet restricted)
Res.Elec. : .       Clarity    : .   (no cloak)
Sust.Abil.: . .     Spirit.Shd : .   (no gloves)
Res.Mut.  : .       Stasis     : .   (no boots)
Res.Rott. : .       Ctrl.Telep.: .   (no amulet)
Saprovore : . . .   Levitation : .   (no ring) Ctrl.Flight: .
                                     (no ring)

@: slightly resistant to hostile enchantments, extremely unstealthy
A: retaliatory headbutt, horns 2
a: Animate Dead, Recall Undead Slaves, Injury Mirror, Renounce Religion


You were on level 3 of the Dungeon.
You worshipped Yredelemnul.
Yredelemnul was greatly pleased with you.
You were not hungry.

You visited 1 branch of the dungeon, and saw 4 of its levels.

You collected 111 gold pieces.

Inventory:

Hand weapons
 a - a +2,+2 spear (weapon) {=f}
 d - a +0 blowgun
Missiles
 e - 9 poisoned needles
Armour
 h - a +0 chain mail (worn)
Comestibles
 c - 2 bread rations
 g - an orange
 j - an apple
 l - 2 rotting chunks of orc flesh
 o - 3 rotting chunks of orc flesh
Scrolls
 b - 2 scrolls of magic mapping
 n - a scroll of curse armour {unknown}
 p - 2 scrolls of enchant armour {unknown}
 r - a scroll of random uselessness {unknown}
Jewellery
 i - an uncursed ring of sustain abilities {unknown}
Potions
 f - 3 potions of slowing {unknown}
 k - a potion of agility {unknown}
 m - a potion of restore abilities
 q - a potion of poison {unknown}


   Skills:
 - Level 2.4 Fighting
 + Level 6.1 Polearms
 - Level 1.2 Armour
 - Level 1.1 Dodging
 - Level 2.6 Invocations


You had 3 spell levels left.
You didn't know any spells.

Dungeon Overview and Level Annotations

Branches:
Dungeon (4/27)
 Temple: D:4-7

Altars:
Elyvilon
Okawaru
Sif Muna
Zin

Annotations
D:3 TheDragonKing's ghost, average HEGl


Innate Abilities, Weirdness & Mutations

You reflexively headbutt those who attack you in melee.
You have a pair of horns on your head.


Message History

You closely miss the goblin. Your headbutt misses the goblin.
The goblin is moderately wounded.
TheDragonKing's ghost hits you.
You barely miss the goblin.
The goblin is moderately wounded.
The goblin hits you with a mace.
TheDragonKing's ghost hits you but does no damage.
You barely miss the goblin.
The goblin is moderately wounded.
The goblin hits you but does no damage. TheDragonKing's ghost hits you!
You miss the goblin.
The goblin is moderately wounded.
The goblin hits you with a mace. TheDragonKing's ghost hits you.
* * * LOW HITPOINT WARNING * * *
The goblin hits you with a mace.
* * * LOW HITPOINT WARNING * * *
There is a stone staircase leading up here.
The goblin hits you but does no damage. TheDragonKing's ghost hits you!
You die...
Your body rises from the dead as a mindless zombie.

......#.#.############.#...######
#####.#.#(#..............#.......
......#.#.#.#########..#....#####
#####.#.#.#..............#..#....
##......#.#............#....#.###
#...#...#>#...#..........#..#.###
...###....#............#....#....
.......(..#....#p........#..###(#
.#.).).#..#....g@#.#........# #.#
##.._..##.#..#.#..)#..#.#.#.# #.#
.#.).).#..#..#.#.>....#.#.#.# #.#
.............#.#.#[#..#>#.#.# #.#
...###.......#.#.#.#..#.#.#.# #.#
#...#........#.#.#.#..#.#.#.###.#
##...........#.#.#.#............#
......#......#.#.#.#..#.#.....###
#######......#.#.#.#......#.#.#


You could see TheDragonKing's ghost and a goblin.

Vanquished Creatures
  An orc priest (D:3)
  2 adders
  A giant gecko (D:1)
  2 oozes (D:1)
  6 orcs (D:3)
  2 giant cockroaches
  9 goblins
  9 hobgoblins
  2 ball pythons (D:2)
  10 bats
  5 giant newts
  10 kobolds
  10 rats
69 creatures vanquished.

Vanquished Creatures (others)
  A rat (D:1)
  8 toadstools
9 creatures vanquished.

Grand Total: 78 creatures vanquished

Notes
Turn   | Place    | Note
--------------------------------------------------------------
     0 | D:1      | Kenran, the Minotaur Death Knight, began the quest for the Orb.
     0 | D:1      | Reached XP level 1. HP: 17/17 MP: 2/2
    22 | D:1      | Reached skill level 3 in Polearms
   267 | D:1      | Reached XP level 2. HP: 24/24 MP: 2/2
   270 | D:1      | Reached XP level 1. HP: 17/17 MP: 1/2
   272 | D:1      | Reached XP level 2. HP: 22/24 MP: 1/2
   832 | D:2      | Reached skill level 4 in Polearms
   844 | D:2      | Acquired Yredelemnul's second power
   877 | D:2      | Reached XP level 3. HP: 29/29 MP: 4/4
   964 | D:2      | Found a deep blue altar of Sif Muna.
  1165 | D:2      | Found a glowing silver altar of Zin.
  1328 | D:2      | Reached skill level 5 in Polearms
  1497 | D:3      | Found an iron altar of Okawaru.
  1774 | D:3      | Reached XP level 4. HP: 37/37 MP: 4/4
  1942 | D:3      | Noticed TheDragonKing's ghost (average HEGl)
  2399 | D:3      | Acquired Yredelemnul's third power
  2435 | D:3      | Found a white marble altar of Elyvilon.
  2868 | D:3      | Reached skill level 6 in Polearms
  3115 | D:3      | Slain by TheDragonKing's ghost
